 Dungeon Crawl Stone Soup version 0.30.0-3-ga4e48a9924 (webtiles) character file.

Game seed: 4433723769439893561

68356 dialectric the Spear-Bearer (level 15, -6/83 HPs)
             Began as a Gargoyle Delver on May 7, 2023.
             Was the Champion of Qazlal.
             Mangled by a spriggan berserker
             ... wielding a +0 war axe
              (22 damage)
             ... on level 3 of the Lair of Beasts.
             The game lasted 00:41:16 (20516 turns).

dialectric the Spear-Bearer (Gargoyle Delver)      Turns: 20516, Time: 00:41:18

Health: -6/83      AC: 42    Str: 27    XL:     15   Next: 26%
Magic:  11/15      EV: 11    Int: 16    God:    Qazlal [******]
Gold:   1444       SH: 23    Dex: 13    Spells: 11/14 levels left

rFire   + . .        h - +3 trident of Hacking and Slashing {flame, rC+ Int+3 Dex+2}
rCold   + . .        p - +3 buckler "Piapsewk" {Str+3}
rNeg    + . .        B - +1 storm dragon scales
rPois   ∞            z - +2 hat "Jabbocae" {rF+ rCorr}
rElec   +            L - +0 cloak
rCorr   +            S - +1 pair of gloves {Str+3}
SInv    .            X - +3 pair of seven-league boots {Rampage+∞}
Will    +....        m - amulet of reflection Stlth
                     (no ring)
HPRegen 0.33/turn    (no ring)
MPRegen 0.14/turn

%: repel missiles, reflection, rampage+∞
@: protected from physical damage, flying
A: sickness immunity, AC +11, big wings, negative energy resistance 1,
electricity resistance, torment resistance 1, petrification resistance, frail 1,
mutation resistance 1, no potion heal 1
a: Renounce Religion, Upheaval, Elemental Force, Disaster Area


You were on level 3 of the Lair of Beasts.
You worshipped Qazlal.
Qazlal was exalted by your worship.
You visited 7 branches of the dungeon, and saw 23 of its levels.
You also visited: Bailey and Gauntlet.

You collected 1576 gold pieces.
You spent 132 gold pieces at shops.

Inventory:

Hand Weapons
 h - the +3 trident of Hacking and Slashing (weapon) {flame, rC+ Int+3 Dex+2}
   (You found it on level 5 of the Dungeon)

   Int:       It affects your intelligence (+3).
   Dex:       It affects your dexterity (+2).
   rC:        It protects you from cold.
 s - a +2 heavy trident
 E - the +2 trident "Kenn" {antimagic, rElec}
   (You found it in a Gauntlet)

   rElec:     It insulates you from electricity.
 N - the +6 dagger of the Doomed Warrior {venom, rF+ Will+ Str+3 Int+4}
   (You took it off a spriggan in a bailey)

   Str:       It affects your strength (+3).
   Int:       It affects your intelligence (+4).
   rF:        It protects you from fire.
   Will:      It increases your willpower.
Missiles
 v - 42 poisoned darts (quivered)
 I - 9 throwing nets
Armour
 p - the +3 buckler "Piapsewk" (worn) {Str+3}
   (You acquired it on level 4 of the Dungeon)

   Str:       It affects your strength (+3).
 z - the +2 hat "Jabbocae" (worn) {rF+ rCorr}
   (You found it in a Gauntlet)

   rF:        It protects you from fire.
   rCorr:     It protects you from acid and corrosion.
 B - +1 storm dragon scales (worn)
 L - a +0 cloak (worn)
 S - a +1 pair of gloves of strength (worn)
 T - a +2 helmet of intelligence
 X - the +3 pair of seven-league boots (worn) {Rampage+∞}
   (You found it in a Gauntlet)

   Rampage+∞: When moving toward enemies, its wearer moves as far as possible.
Jewellery
 j - an amulet of faith
 k - an amulet of guardian spirit
 m - an amulet of reflection (around neck)
 D - the ring "Soyb" {+Blink Fly rF+ rC+ Str-2}
   (You found it on level 1 of the Lair of Beasts)

   [ring of protection from fire]

   Str:       It affects your strength (-2).
   rF:        It protects you from fire.
   rC:        It protects you from cold.
   Fly:       It grants you flight.
   +Blink:    It lets you blink.
 O - a ring of positive energy
 U - the ring "Denwasy" {Fly Int+6 Slay-6 SInv Stlth+}
   (You took it off a minotaur in a Gauntlet)

   [ring of intelligence]

   Int:       It affects your intelligence (+6).
   Slay:      It affects your accuracy & damage with ranged weapons and melee
   (-6).
   SInv:      It lets you see invisible.
   Fly:       It grants you flight.
   Stlth:     It makes you more stealthy.
 Y - a +6 ring of dexterity
 Z - an amulet of magic regeneration
Wands
 g - a wand of digging (7)
 F - a wand of flame (31)
 G - a wand of charming (9)
 J - a wand of polymorph (1)
 K - a wand of mindburst (9)
 M - a wand of quicksilver (8)
 V - a wand of iceblast (4)
Scrolls
 c - 3 scrolls of fog
 d - 4 scrolls of magic mapping
 e - 6 scrolls of fear
 l - 6 scrolls of teleportation
 o - 3 scrolls of torment
 q - 6 scrolls of enchant weapon
 t - 3 scrolls of blinking
 u - 6 scrolls of amnesia
 w - 9 scrolls of identify
 y - a scroll of butterflies
 C - 4 scrolls of poison
 R - a scroll of acquirement
 W - a scroll of silence
Potions
 a - 3 potions of flight
 b - 3 potions of berserk rage
 f - 3 potions of haste
 i - 3 potions of invisibility
 n - 12 potions of curing
 r - 10 potions of brilliance
 x - 4 potions of heal wounds
 A - 4 potions of attraction
 H - a potion of cancellation {unknown}
 P - 3 potions of magic
 Q - 3 potions of might


   Skills:
 + Level 10.6 Fighting
 + Level 1.7 Long Blades
 - Level 14.3 Polearms
 - Level 0.1 Throwing
 * Level 14.0 Armour
 - Level 5.0 Dodging
 - Level 6.0 Stealth
 + Level 14.3 Shields
 * Level 4.1 Evocations


You had 11 spell levels left.
You knew the following spells:

 Your Spells              Type           Power      Damage    Failure   Level
a - Inner Flame           Hex/Fire       0%         N/A       97%         3

Your spell library contained the following spells:

 Spells                   Type           Power      Damage    Failure   Level
 Beastly Appendage        Tmut           0%         N/A       71%         1
 Kiss of Death            Conj/Necr      0%         2d5       71%         1
 Magic Dart               Conj           0%         1d3       71%         1
 Blink                    Tloc           0%         N/A       83%         2
 Searing Ray              Conj           0%         2d4       83%         2
 Static Discharge         Conj/Air       0%         2-2/arc   83%         2
 Wereblood                Tmut           0%         N/A       83%         2
 Confusing Touch          Hex            0%         N/A       97%         3
 Dazzling Flash           Conj/Hex       0%         N/A       97%         3
 Ignite Poison            Fire/Tmut/Pois 0%         N/A       97%         3
 Spider Form              Tmut/Pois      0%         N/A       97%         3
 Summon Guardian Golem    Hex/Summ       0%         N/A       97%         3
 Volatile Blastmotes      Fire/Tloc      0%         2d10      97%         3
 Airstrike                Air            0%         2d(0-16)  100%        4
 Anguish                  Hex/Necr       0%         N/A       100%        4
 Cause Fear               Hex            0%         N/A       100%        4
 Dispel Undead            Necr           0%         3d6       100%        4
 Flame Wave               Conj/Fire      0%         2d4       100%        4
 Fulminant Prism          Conj/Hex       0%         3d5       100%        4
 Iskenderun's Mystic Bla  Conj/Tloc      0%         2d3       100%        4
 Manifold Assault         Tloc           0%         N/A       100%        4
 Passage of Golubria      Tloc           0%         N/A       100%        4
 Petrify                  Tmut/Erth      0%         N/A       100%        4
 Sticky Flame             Conj/Fire      0%         2d3       100%        4
 Summon Lightning Spire   Summ/Air       0%         N/A       100%        4
 Freezing Cloud           Conj/Ice/Air   0%         6-21      100%        5
 Irradiate                Conj/Tmut      0%         3d11      100%        5
 Lee's Rapid Deconstruct  Erth           0%         3d4*      100%        5
 Silence                  Hex/Air        0%         N/A       100%        5
 Yara's Violent Unravell  Hex/Tmut       0%         3d3       100%        5
 Death Channel            Necr           0%         N/A       100%        6
 Starburst                Conj/Fire      0%         6d3       100%        6
 Dragon Form              Tmut           0%         N/A       100%        7
 Enfeeble                 Hex            0%         N/A       100%        7
 Orb of Destruction       Conj           0%         9d5       100%        7
 Spellforged Servitor     Conj/Summ      0%         N/A       100%        7
 Storm Form               Tmut/Air       0%         N/A       100%        7
 Summon Hydra             Summ           0%         N/A       100%        7
 Lehudib's Crystal Spear  Conj/Erth      0%         10d2      100%        8
 Dragon's Call            Summ           0%         N/A       100%        9
 Cigotuvi's Dreadful Rot  Necr/Pois/Air  Unusable   N/A       N/A         2
 Sublimation of Blood     Necr           Unusable   N/A       N/A         2

Dungeon Overview and Level Annotations

Branches:
Dungeon (12/15)            Temple (1/1) D:4            Lair (5/5) D:9
  Swamp (1/4) Lair:3        Snake (0/4) Lair:2        Slime (1/5) Lair:4
    Orc (2/2) D:10            Elf (1/3) Orc:2        Bailey (visited)
Gauntlet (visited)

Altars:
Ashenzari
Cheibriados
Dithmenos
Elyvilon
Fedhas
Gozag
Hepliaklqana
Kikubaaqudgha
Makhleb
Nemelex Xobeh
Okawaru
Qazlal
Ru
Sif Muna
Trog
Uskayaw
Vehumet
Wu Jian
Xom
Yredelemnul
Zin
The Shining One
Jiyva

Shops:
Orc:2 :(*!

Portals:
Trove: D:12 (show slimy rune of Zot)

Annotations:
D:7 2 transporters, Mangosteen's ghost, novice MiBe
D:8 1 runed translucent door, freelancePsychic's ghost, novice TeRe
Lair:1 1 runed translucent door, Bukhlaj's ghost, journeyman HOFi
Lair:3 2 transporters, Feulaj's ghost, journeyman MiBe


Innate Abilities, Weirdness & Mutations

You are immune to sickness and miasma.
Your stone body is resilient. (AC +11)
You are immune to poison.
Your large and strong wings let you fly.
You resist negative energy. (rN+)
You are resistant to electric shocks. (rElec)
You are resistant to unholy torment.
You are immune to petrification.
You are frail. (-10% HP)
You are somewhat resistant to further mutation.
Potions are less effective at restoring your health.


Message History

The tentacled monstrosity tentacle-slaps you.
You feel more protected from physical attacks.
The tentacled monstrosity tentacle-slaps you but does no damage.
The tentacled monstrosity constricts you!
The spriggan air mage hits you but does no damage.
The polar bear rages.
Unknown command.
You escape the tentacled monstrosity's grasp.
The goliath frog hits you but does no damage.
You block the spriggan berserker's attack.
The spriggan berserker closely misses you.
You block the spriggan air mage's attack.
The goliath frog hits you from afar.
You are splashed with acid.
You resist.
You fly upwards.
Welcome back to the Lair of Beasts!
The polar bear is no longer berserk.
The polar bear disappears in a puff of smoke!
Level annotation: 2 transporters, Feulaj's ghost, journeyman MiBe
There is a staircase to the Swamp, spattered with blood here.
Unknown command.
Unknown command.
Unknown command.
As you read the scroll of fear, it crumbles to dust.
You assume a fearsome visage.
The spriggan berserker is unaffected.
The tentacled monstrosity resists with almost no effort.
The spriggan air mage resists with almost no effort.
The spriggan berserker is unaffected.
The spriggan berserker barely misses you.
The spriggan berserker is engulfed in blazing flames.
The spriggan berserker hits you with a +0 war axe!
The tentacled monstrosity tentacle-slaps you but does no damage.
The tentacled monstrosity tentacle-slaps you!
You block the tentacled monstrosity's attack.
The tentacled monstrosity barely misses you.
The spriggan berserker hits you with a +0 antimagic war axe!
* * * LOW HITPOINT WARNING * * *
You feel more protected from physical attacks.
You feel your power leaking away.
The spriggan berserker is engulfed in blazing flames.
The spriggan berserker hits you with a +0 war axe!!
You die...

..............#...............#..
...........##...#.............##.
#...#..............#..###....##..
#....#..........P............###.
................#............P#..
....P............................
..............§.#.###.....#......
...............i##.##..#.##......
..........>....i@X......#....#...
...............i###...........##.
..###^........○.§.##.#..........#
..####..P.......####.##..........
...###...........##..#...........
....##..........#................
.............................P...
..........#...................P..
.....##.###......#...#.P......P..


You could see a tentacled monstrosity, 2 spriggan berserkers and a spriggan air
mage (repels missiles).

Vanquished Creatures
  A minotaur (Gauntlet)
  An entropy weaver (Gauntlet)
  Josephine (Lair:5)
  A shambling mangrove (Lair:3)
  4 hydras
  A catoblepas (Lair:5)
  Harold (Lair:1)
  Fannar (D:11)
  2 boulder beetles
  An alligator (Lair:3)
  A dancing weapon (Orc:2)
  4 two-headed ogres
  An orc high priest (Orc:2)
  Nergalle (D:10)
  Urug (D:11)
  Amaemon (Lair:1)
  3 skysharks (Lair:5)
  Pikel (D:6)
  7 orc knights (Orc:2)
  3 manticores (D:12)
  A wolf spider (Gauntlet)
  3 orc sorcerers (Orc:2)
  5 cyclopes
  5 elephants
  2 ugly things
  5 black mambas
  A gargoyle (D:10)
  A smoke demon (Lair:5)
  An orange demon (Lair:1)
  6 cane toads
  2 rime drakes
  7 komodo dragons
  2 polar bears (Lair:4)
  6 trolls
  The ghost of OldManVictorn the Covert, an amateur GnDe (D:4)
  4 hornets
  5 saltlings (Orc:2)
  15 blink frogs
  5 dream sheep
  A jumping spider (Gauntlet)
  Sigmund (D:3)
  65 yaks
  8 wyverns
  6 wraiths
  A ynoxinul (Lair:5)
  A shadow (D:11)
  8 spriggans
  2 steam dragons
  9 small abominations
  3 basilisks
  4 vampire mosquitoes (D:12)
  3 large abominations
  5 wargs
  3 nagas (Lair:2)
  8 water moccasins
  Duvessa (D:6)
  19 orc warriors
  6 black bears
  4 ice beasts
  A sky beast (D:6)
  9 ogres
  28 wolves
  2 centaurs
  A phantom (D:7)
  A lemure (D:6)
  2 kobold brigands
  4 bullfrogs
  5 gnoll sergeants
  2 scorpions
  20 wights
  Dowan (D:6)
  15 killer bees
  7 electric eels
  3 howler monkeys
  4 crimson imps (D:9)
  4 hounds
  17 orc priests
  2 gnoll boudas (D:6)
  3 jellies
  3 iguanas
  A sleepcap (D:8)
  17 orc wizards
  6 hell rats (Lair:3)
  A bullfrog simulacrum (D:4)
  17 gnolls
  8 adders
  2 hound simulacra (D:4)
  3 white imps
  An ufetubus (D:6)
  7 worms
  A dart slug (D:3)
  65 orcs
  9 ball pythons
  11 endoplasms
  2 giant cockroaches
  8 goblins
  7 hobgoblins
  4 quokkas
  4 bats
  2 frilled lizards
  19 kobolds
  A quokka simulacrum (D:4)
  4 rats
606 creatures vanquished.

Vanquished Creatures (collateral kills)
  An orc knight (Orc:2)
1 creature vanquished.

Vanquished Creatures (others)
  A bog body (Swamp:1)
  A bloated husk (Swamp:1)
  A jumping spider (Gauntlet)
  2 vampire mosquitoes (Swamp:1)
  An orc (D:7)
  14 demonic plants (Gauntlet)
  13 fungi
  6 pillars of salt (Orc:2)
  38 plants
  2 withered plants (D:8)
79 creatures vanquished.

Grand Total: 686 creatures vanquished

Notes
Turn   | Place    | Note
-------+----------+-------------------------------------------
     0 | D:5      | dialectric the Gargoyle Delver began the quest for the Orb.
     0 | D:5      | Reached XP level 1. HP: 14/14 MP: 1/1
     1 | D:5      | Identified the +3 trident of Hacking and Slashing {flame,
                  | rC+ Int+3 Dex+2}
    20 | D:5      | Noticed a hound
    92 | D:5      | Noticed an iguana
   105 | D:5      | Found a snail-covered altar of Cheibriados.
   133 | D:4      | Found a runed translucent gate.
   133 | D:4      | Found a runed translucent gate.
   133 | D:4      | Found a runed translucent gate.
   165 | D:4      | Reached XP level 2. HP: 8/19 MP: 2/2
   733 | D:3      | Reached XP level 3. HP: 22/23 MP: 3/3
  1205 | D:2      | Reached skill level 1 in Polearms
  1288 | D:2      | Reached skill level 1 in Armour
  1288 | D:2      | Reached XP level 4. HP: 24/29 MP: 4/4
  2094 | D:2      | Reached XP level 5. HP: 32/33 MP: 5/5
  2480 | D:3      | Found an iron altar of Okawaru.
  2532 | D:3      | Noticed Sigmund
  2535 | D:3      | Killed Sigmund
  2536 | D:3      | Reached XP level 6. HP: 38/38 MP: 6/6
  3366 | D:6      | Noticed a sky beast
  3374 | D:6      | Killed a sky beast
  3471 | D:4      | Reached XP level 7. HP: 43/44 MP: 7/7
  3515 | D:4      | Identified a scroll of acquirement
  3515 | D:4      | Acquired the +3 buckler "Piapsewk" {Str+3}
  3659 | D:4      | Noticed OldManVictorn's ghost (amateur GnDe)
  3677 | D:4      | Found a staircase to the Ecumenical Temple.
  3766 | Temple   | Entered the Ecumenical Temple
  3807 | Temple   | Became a worshipper of Qazlal Stormbringer
  3964 | D:4      | Found a shimmering blue altar of Sif Muna.
  4075 | D:4      | Reached skill level 1 in Shields
  4371 | D:4      | Killed OldManVictorn's ghost
  4372 | D:4      | Reached skill level 5 in Fighting
  4372 | D:4      | Reached skill level 5 in Polearms
  4372 | D:4      | Reached XP level 8. HP: 25/49 MP: 8/8
  4649 | D:5      | Found an ornate altar of the Wu Jian Council.
  4680 | D:5      | Reached * piety under Qazlal
  4965 | D:5      | Reached XP level 9. HP: 54/54 MP: 9/9
  5224 | D:5      | Reached skill level 5 in Shields
  5626 | D:6      | Found an opulent altar of Gozag.
  5632 | D:6      | Noticed Pikel
  5649 | D:6      | Killed Pikel
  5735 | D:6      | Found an ancient bone altar of Kikubaaqudgha.
  5783 | D:6      | Found a basalt altar of Yredelemnul.
  6284 | D:6      | Reached ** piety under Qazlal
  6546 | D:6      | Reached XP level 10. HP: 59/60 MP: 10/10
  6574 | D:6      | Noticed Dowan
  6576 | D:6      | Noticed Duvessa
  6593 | D:6      | Killed Duvessa
  6606 | D:6      | Killed Dowan
  7060 | D:7      | Identified the +1 scale mail "Uwutud" {rPois}
  7067 | D:7      | Noticed Mangosteen's ghost (novice MiBe)
  7090 | D:7      | Found a transporter.
  7127 | D:7      | Found a transporter.
  7374 | D:7      | Learned a level 3 spell: Inner Flame
  7504 | D:7      | Found a radiant altar of Vehumet.
  7514 | D:7      | Reached skill level 5 in Armour
  7554 | D:8      | Reached *** piety under Qazlal
  7597 | D:8      | Found a hide-covered altar of Uskayaw.
  7695 | D:8      | Found a runed translucent door.
  7696 | D:8      | Noticed freelancePsychic's ghost (novice TeRe)
  8918 | D:9      | Found a flagged portal.
  8974 | D:8      | Reached skill level 10 in Shields
  8974 | D:8      | Reached XP level 11. HP: 46/66 MP: 11/11
  9004 | Bailey   | Entered a bailey
  9095 | Bailey   | Noticed a two-headed ogre
  9115 | Bailey   | Killed a two-headed ogre
  9255 | Bailey   | Identified the +6 dagger of the Doomed Warrior {venom, rF+
                  | Will+ Str+3 Int+4}
  9356 | D:9      | Found a shimmering altar of Xom.
  9612 | D:9      | Found a glowing golden altar of the Shining One.
  9634 | D:9      | Reached **** piety under Qazlal
  9643 | D:9      | Found a staircase to the Lair.
  9682 | D:9      | Reached skill level 10 in Polearms
 10040 | D:9      | Found a hazy altar of Hepliaklqana.
 10369 | D:10     | Entered Level 10 of the Dungeon
 10826 | D:10     | Found a staircase to the Orcish Mines.
 10840 | D:10     | Reached XP level 12. HP: 72/73 MP: 12/12
 10903 | D:10     | Noticed Nergalle
 10925 | D:10     | Killed Nergalle
 10952 | D:10     | Reached ***** piety under Qazlal
 11158 | D:10     | Found a sparkling altar of Nemelex Xobeh.
 11244 | Orc:1    | Entered Level 1 of the Orcish Mines
 11309 | Orc:2    | Entered Level 2 of the Orcish Mines
 11390 | Orc:2    | Found a staircase to the Elven Halls.
 11642 | Orc:2    | Noticed a soul eater
 12637 | Lair:1   | Entered Level 1 of the Lair of Beasts
 12668 | Lair:1   | Identified the ring "Soyb" {+Blink Fly rF+ rC+ Str-2}
 12675 | Lair:1   | Noticed an eight-headed hydra
 12690 | Lair:1   | Killed an eight-headed hydra
 12691 | Lair:1   | Reached skill level 10 in Armour
 12834 | Lair:1   | Reached XP level 13. HP: 31/78 MP: 13/13
 12886 | Lair:1   | Found a runed translucent door.
 12888 | Lair:1   | Found a gate leading to a gauntlet.
 12890 | Lair:1   | Noticed Bukhlaj's ghost (journeyman HOFi)
 12905 | Gauntlet | Entered a Gauntlet
 12905 | Gauntlet | Found a transporter.
 12905 | Gauntlet | Found a transporter.
 12905 | Gauntlet | Found a transporter.
 12908 | Gauntlet | Noticed an entropy weaver
 12965 | Gauntlet | Found a transporter.
 13024 | Gauntlet | Found a transporter.
 13026 | Gauntlet | Found a transporter.
 13082 | Gauntlet | Found a transporter.
 13086 | Gauntlet | Found a transporter.
 13095 | Gauntlet | Found a transporter.
 13103 | Gauntlet | Found a transporter.
 13185 | Gauntlet | Reached skill level 1 in Evocations
 13227 | Gauntlet | Killed an entropy weaver
 13449 | Gauntlet | Found the +3 pair of seven-league boots {Rampage+∞}
 13449 | Gauntlet | Identified the ring "Denwasy" {Fly Int+6 Slay-6 SInv
                  | Stlth+}
 13449 | Gauntlet | Noticed a minotaur
 13477 | Gauntlet | Killed a minotaur
 13490 | Gauntlet | Gained mutation: Potions are less effective at restoring
                  | your health. [potion of mutation]
 13490 | Gauntlet | Gained mutation: You are frail. (-10% HP) [potion of
                  | mutation]
 13490 | Gauntlet | Gained mutation: You are somewhat resistant to further
                  | mutation. [potion of mutation]
 13524 | Gauntlet | Identified the +2 trident "Kenn" {antimagic, rElec}
 13524 | Gauntlet | Identified the +2 hat "Jabbocae" {rF+ rCorr}
 13667 | Lair:1   | Noticed Harold
 13683 | Lair:1   | Killed Harold
 13814 | Lair:1   | Noticed Amaemon
 13832 | Lair:1   | Killed Amaemon
 13899 | Lair:1   | You fall into a shaft and drop 1 floor!
 13919 | Lair:2   | Reached ****** piety under Qazlal
 14310 | Lair:2   | Found a staircase to the Snake Pit.
 14862 | Lair:3   | Found a staircase to the Swamp.
 14982 | Lair:3   | Noticed Feulaj's ghost (journeyman MiBe)
 14989 | Lair:3   | Found a transporter.
 15010 | Lair:3   | Found a transporter.
 15873 | Lair:4   | Gained mutation: Your large and strong wings let you fly.
                  | [Gargoyle growth]
 15873 | Lair:4   | Reached XP level 14. HP: 75/75 MP: 14/14
 15903 | Lair:4   | Found a staircase to the Slime Pits.
 15903 | Lair:4   | Found a viscous altar of Jiyva.
 15914 | Slime:1  | Entered Level 1 of the Pits of Slime
 15916 | Slime:1  | Noticed a rockslime
 16415 | Lair:5   | Entered Level 5 of the Lair of Beasts
 16415 | Lair:5   | Noticed Josephine
 16846 | Elf:1    | Entered Level 1 of the Elven Halls
 17251 | Orc:2    | Found Yzenawuh's Book Shoppe.
 17270 | Orc:2    | Found Tauhit's General Store.
 17272 | Orc:2    | Found Picre's Distillery.
 17278 | Orc:2    | Bought a potion of heal wounds for 60 gold pieces
 17278 | Orc:2    | Bought a potion of berserk rage for 60 gold pieces
 17286 | Orc:2    | Bought a potion of degeneration for 12 gold pieces
 17304 | Orc:2    | Found Taibb's Weapon Boutique.
 17526 | D:11     | Noticed Urug
 17544 | D:11     | Killed Urug
 17626 | D:11     | Noticed Fannar
 17663 | D:11     | Killed Fannar
 18301 | D:12     | Found a portal to a secret trove of treasure.
 19002 | Lair:1   | Reached skill level 5 in Dodging
 19193 | Lair:5   | Reached skill level 10 in Fighting
 19274 | Lair:5   | Killed Josephine
 19521 | Lair:5   | Reached XP level 15. HP: 71/82 MP: 15/15
 20302 | Swamp:1  | Entered Level 1 of the Swamp
 20511 | Swamp:1  | Noticed a tentacled monstrosity
 20516 | Lair:3   | Mangled by a spriggan berserker

Illustrated notes

Levels and vault maps discovered:
D:1:      dpeg_arrival_rhombi, layout_rooms, amcnicky_mini_pool_small,
          serial_park_tiny_2, minmay_circled_x
D:2:      layout_loops_cross, serial_co_window_serial,
          co_window_of_opportunity_a, co_window_paths_a, co_window_paths_b,
          co_window_corner_a, co_window_of_opportunity_a, co_window_paths_a,
          co_window_of_opportunity_b, co_window_paths_c,
          co_window_of_opportunity_b, co_window_unsneaky_path_a,
          co_window_of_opportunity_c, co_window_4corner_a, glass_columns_a,
          glass_columns_c, glass_columns_c, glass_columns_a, glass_columns_b,
          minmay_misc_feat_cross
D:3:      minmay_inner_zag, layout_basic, marbit_many_paths, nicolae_wormholes,
          uniq_sigmund
D:4:      layout_gridville, led_sif_pool, minmay_temple_entry_glassed_door,
          gammafunk_ghost_icy
D:5:      layout_basic, mainiacjoe_overflow_alcove_1, lemuel_tele_altar,
          kennysheep_big_empty_room, minmay_circle_x
D:6:      layout_basic, mainiacjoe_overflow_cross_hatched,
          mainiacjoe_overflow_24_doors, kiku_gazebo_pond_becter,
          cheibrodos_sewer_entry_bend, pf_guarded_unrand_woodcutter, uniq_pikel,
          uniq_duvessa
D:7:      layout_cave_pools, nicolae_vehumet_altar_sigil, serial_bayou,
          serial_bayou_pond_e, serial_bayou_pond_d, serial_bayou_ford_a,
          serial_bayou_shore_a, gammafunk_ghost_gnarly_gnolls
D:8:      layout_basic, nicolae_uskayaw_suspiria, gammafunk_ghost_grave
D:9:      layout_stronghold, led_xom_imps, tso_metal_star,
          mainiacjoe_overflow_alcove_2, enter_bailey_2
D:10:     layout_big_octagon, nemelex_spade_bored_becter,
          minmay_orc_entry_guard_dogs, uniq_nergalle
D:11:     layout_roguey, minmay_variable_closet, uniq_fannar, uniq_urug
D:12:     layout_loops_ring, enter_trove_0
Temple:   jpeg_temple_island
Lair:1:   layout_loops_ring, gauntlet_entry_generic,
          ebering_ghost_reflecting_pool, grunt_forest_large_clearing_hut,
          uniq_amaemon, uniq_harold
Lair:2:   layout_gridlike, guppyfry_snake_entry_island
Lair:3:   layout_gridlike, swamp_mist, gammafunk_ghost_berserking_beasts,
          serial_bayou_shore_b
Lair:4:   layout_gridlike, slime_entry_1, gammafunk_lair_bear_cave
Lair:5:   hellmonk_lair_end_abyssal_woods, layout_regular_city, st_stairs_6,
          hangedman_lair_generics_rect, uniq_josephine
Swamp:1:  layout_basic_swamp, portal_ice_cave_entry_pillars_2,
          nicolae_swamp_some_circles, swamp_pool1, infiniplex_staircase_pool
Slime:1:  layout_caves, cheibrodos_slime_lost_civilization_4
Orc:1:    dreamdust_dug_too_deep, layout_diamond_mine, lemuel_statue_altar,
          uniq_jorgrun
Orc:2:    hellmonk_orc_salted, layout_diamond_mine, mines2_david
Elf:1:    minmay_elf_crystal_square, layout_rooms,
          ebering_ghost_reflecting_pool, hangedman_elven_crosses_minicolossus,
          st_stairs_8, nicolae_shop_i_like_small_books_too

Skill      XL: |  1  2  3  4  5  6  7  8  9 10 11 12 13 14 15 |
---------------+----------------------------------------------+-----
Stealth        | 6 |  6.0
Polearms       | 1 2 3 4 5 6 8 9 11 13 14 | 14.3
Armour         | 1 2 3 4 5 8 10 12 13 14 | 14.0
Fighting       | 4 5 6 8 10 | 10.6
Dodging        | 2 3 4 5 |  5.0
Shields        | 2 4 7 10 11 13 14 | 14.3
Evocations     | 2 3 4 |  4.1
Long Blades    | |  1.7
Throwing       | |  0.1

Action                     |  1- 3 |  4- 6 |  7- 9 | 10-12 | 13-15 || total
---------------------------+-------+-------+-------+-------+-------++-------
  Melee: Trident           |    45 |   118 |   329 |   977 |  1200 ||  2669
         Punch             |       |     1 |       |       |       ||     1
  Throw: Dart              |       |       |     2 |    29 |     9 ||    40
  Evoke: Wand              |       |       |       |     6 |    22 ||    28
    Use: Scroll            |       |     1 |     4 |    13 |     8 ||    26
         Potion            |       |       |       |     3 |     6 ||     9
   Stab: Sleeping          |     5 |    13 |     3 |       |       ||    21
         Invisible         |       |       |       |       |     9 ||     9
         Held in net/web   |       |       |       |       |     2 ||     2
 Armour: Leather armour    |    10 |    28 |    20 |       |       ||    58
         Storm dragon scal |       |       |    62 |   241 |   276 ||   579
  Dodge: Dodged            |    16 |    48 |    69 |   143 |   165 ||   441
         Repelled          |       |       |       |     1 |     3 ||     4
  Block: Other             |       |     5 |       |       |       ||     5
         Buckler           |       |       |   205 |   732 |   867 ||  1804
         Reflection        |       |       |     4 |    13 |    15 ||    32
